 Dungeon Crawl Stone Soup version 0.26-a0-667-g92642533e4 (webtiles) character file.

Game seed: 8855138158177594426

39965 Napalmbreeze the Whirler (level 14, -3/103 HPs)
             Began as a Halfling Hunter on Oct 18, 2020.
             Was an Elder of Makhleb.
             Killed from afar by a frost giant (16 damage)
             ... with a bolt of cold
             ... in an ice cave.
             The game lasted 01:18:39 (21861 turns).

Napalmbreeze the Whirler (Halfling Hunter)         Turns: 21861, Time: 01:18:40

Health: -3/103     AC: 16    Str: 13    XL:     14   Next: 42%
Magic:  19/19      EV: 16    Int:  9    God:    Makhleb [****..]
Gold:   1520       SH:  0    Dex: 20    Spells: 13/13 levels left

rFire    x . .     SeeInvis .   Q - +3 hunting sling
rCold    + + .     Faith    .   (shield restricted)
rNeg     . . .     Spirit   .   U - +0 ice dragon scales
rPois    .         Reflect  .   q - +2 helmet
rElec    .         Harm     .   (no cloak)
rCorr    .         Rampage  .   (no gloves)
MR       +....                  (no boots)
Stlth    +.........             H - amulet of regeneration
HPRegen  0.67/turn              b - +4 ring of slaying
MPRegen  0.16/turn              R - ring of stealth

@: no status effects
A: small, mutation resistance 1
a: Minor Destruction, Lesser Servant of Makhleb, Major Destruction, Renounce
Religion


You were in an ice cave.
You worshipped Makhleb.
Makhleb was greatly pleased with you.
You visited 3 branches of the dungeon, and saw 16 of its levels.
You also visited: Ice Cave.

You collected 1520 gold pieces.

Inventory:

Hand Weapons
 l - a +2 dagger of flaming
 Q - a +3 hunting sling (weapon)
Missiles
 d - 16 sling bullets
 g - 93 stones (quivered)
Armour
 o - the +8 plate armour of Sharp New Discoveries {Int+4}
   (You found it on level 11 of the Dungeon)

   It affects your intelligence (+4).
 q - a +2 helmet (worn)
 P - the +3 chain mail of the Present {Int-5 Dex+5}
   (You found it on level 10 of the Dungeon)

   It affects your intelligence (-5).
   It affects your dexterity (+5).
 U - +0 ice dragon scales (worn)
Jewellery
 b - a +4 ring of slaying (left hand)
 r - an uncursed ring of magical power
 E - an uncursed ring of positive energy
 H - an amulet of regeneration (around neck)
 R - a ring of stealth (right hand)
Wands
 p - a wand of enslavement (7)
 v - a wand of paralysis (9)
 z - a wand of digging (7)
 B - a wand of flame (64)
 C - a wand of polymorph (5)
 F - a wand of iceblast (17)
 I - a wand of disintegration (33)
Scrolls
 a - 2 scrolls of fear
 c - a scroll of torment
 h - a scroll of amnesia
 m - 4 scrolls of teleportation
 n - 3 scrolls of immolation
 u - 7 scrolls of remove curse
 J - a scroll of summoning
 K - 2 scrolls of enchant armour
 L - 3 scrolls of enchant weapon
 N - 3 scrolls of fog
 T - a scroll of vulnerability {unknown}
Potions
 e - 3 potions of haste
 f - 5 potions of brilliance
 i - 7 potions of might
 j - 3 potions of lignification
 k - 3 potions of heal wounds
 s - 4 potions of resistance
 t - a potion of berserk rage
 w - 3 potions of cancellation
 x - 2 potions of flight {unknown}
 A - 2 potions of mutation
 D - 3 potions of ambrosia
 G - 2 potions of invisibility
 M - a potion of stabbing
 S - a potion of curing
 V - a potion of degeneration {unknown}
Miscellaneous
 y - a lightning rod (3/4)
 O - a tin of tremorstones (1/3)


   Skills:
 - Level 12.0 Fighting
 - Level 0.8 Short Blades
 + Level 20.1 Slings
 - Level 10.0 Armour
 - Level 8.0 Dodging
 - Level 1.1 Stealth
 - Level 7.8 Invocations


You had 13 spell levels left.
You didn't know any spells.
Your spell library contained the following spells:

 Spells                   Type           Power        Failure   Level
 Corona                   Hex            #......      88%         1
 Sandblast                Erth           #.....       88%         1
 Summon Small Mammal      Summ           #...         88%         1
 Call Imp                 Summ           #.......     95%         2
 Passwall                 Tmut/Erth      #.......     95%         2
 Slow                     Hex            #.......     95%         2
 Call Canine Familiar     Summ           #.......     99%         3
 Inner Flame              Hex/Fire       #.......     99%         3
 Portal Projectile        Hex/Tloc       #.....       99%         3
 Stone Arrow              Conj/Erth      #.....       99%         3
 Summon Guardian Golem    Hex/Summ       #.......     99%         3
 Cause Fear               Hex            #.........   100%        4
 Leda's Liquefaction      Hex/Erth       #.........   100%        4
 Petrify                  Tmut/Erth      #.......     100%        4
 Summon Ice Beast         Ice/Summ       #.......     100%        4
 Summon Lightning Spire   Summ/Air       #.......     100%        4
 Lee's Rapid Deconstruct  Erth           #.........   100%        5


Dungeon Overview and Level Annotations

Branches:
Dungeon (13/15)            Temple (1/1) D:7            Lair (2/6) D:10
  Swamp (0/4) Lair:2        Snake (0/4) Lair:2          Orc (0/2) D:11
 Vaults (0/5) D:13          IceCv (1/1)

Altars:
Ashenzari
Cheibriados
Dithmenos
Elyvilon
Fedhas
Gozag
Hepliaklqana
Kikubaaqudgha
Makhleb
Nemelex Xobeh
Okawaru
Qazlal
Ru
Sif Muna
Trog
Uskayaw
Vehumet
Wu Jian
Xom
Yredelemnul
Zin
The Shining One
Beogh

Shops:
D:12 }

Portals:
Trove: D:13 (give +5 demon blade)


Innate Abilities, Weirdness & Mutations

You are small and have problems with some larger weapons.
You are somewhat resistant to further mutation.


Message History

The bolt of cold hits your hellwing!!
Your hellwing dies!
Unknown command.
Unknown command.
Unknown command.
A demon appears!
The frost giant casts a spell at you. The bolt of cold hits you! You resist.
* * * LOW HITPOINT WARNING * * *
The bolt of cold hits your orange demon!!
The yak gores you but does no damage.
The yak snorts and paws the ground.
Unknown command.
Unknown command.
Okay, then.
You swap places.
The frost giant gestures at you while chanting.
The bolt of cold hits your orange demon!!
The bolt of cold hits you! You resist.
You die...

####.#...##
##.†.†..###
##....#### ##..####
#..### #...÷###
###....###
###....### ###
###.@4C#### ###..
####YhhY#######....
####h...#.....##
##......####
########


You could see a frost giant, 3 polar bears, 2 yaks and a friendly orange demon
(summoned).

Vanquished Creatures
  5 vault guards
  2 two-headed ogres
  3 centaur warriors
  Sonja (D:11)
  A deep elf knight (D:13)
  4 unseen horrors
  A wizard (D:13)
  3 ugly things
  An orc sorcerer (D:13)
  An orc knight (D:11)
  3 manticores
  A deep elf mage (D:13)
  A centaur zombie (D:12)
  2 cyclopes
  2 black mambas (Lair:1)
  An ice statue (IceCv)
  4 gargoyles
  A cane toad (Lair:1)
  An efreet (D:11)
  3 kobold demonologists
  A komodo dragon (Lair:1)
  4 rime drakes (Lair:2)
  2 trolls
  Grinder (D:5)
  8 polar bears (IceCv)
  6 blink frogs (Lair:1)
  3 slime creatures
  35 yaks
  2 humans (D:13)
  2 vampire mosquitoes (D:13)
  2 wyverns (Lair:1)
  Menkaure (D:5)
  2 water moccasins
  10 orc warriors
  An ice beast (D:8)
  2 sky beasts
  2 phantoms
  4 wolves (IceCv)
  3 ogres
  5 centaurs
  5 big kobolds
  13 bullfrogs
  A gnoll sergeant (D:11)
  A wyvern zombie (D:12)
  2 scorpions
  4 killer bees (D:9)
  15 wights
  6 jellies
  6 howler monkeys
  5 electric eels
  2 quasits
  A centaur skeleton (D:8)
  11 hounds
  8 orc wizards
  12 orc priests
  A bullfrog skeleton (D:7)
  2 iguanas
  11 worker ants
  A killer bee zombie (D:8)
  2 hound skeletons (D:7)
  A worker ant zombie (D:7)
  Robin (D:2)
  A howler monkey skeleton (D:6)
  10 adders
  6 gnolls
  A shadow imp (D:8)
  5 white imps
  2 ufetubi
  An ooze (D:2)
  An adder zombie (D:3)
  An adder skeleton (D:5)
  5 worms
  3 dart slugs
  7 leopard geckos
  47 orcs
  2 ball pythons
  10 bats
  5 giant cockroaches
  13 goblins
  14 hobgoblins
  23 jackals
  27 kobolds
  4 quokkas
  4 frilled lizards
  A jackal skeleton (D:4)
  A jackal zombie (D:6)
  5 rats
447 creatures vanquished.

Vanquished Creatures (collateral kills)
  A boulder beetle (D:11)
  A two-headed ogre (D:12)
  An ogre mage (D:11)
  2 slime creatures (D:13)
  An ugly thing (D:11)
  A gargoyle (D:11)
  A tengu conjurer (D:11)
  4 polar bears (IceCv)
  A yak (D:11)
  A vampire mosquito (D:13)
  2 wolves (IceCv)
  An orc priest (D:11)
  A hound (D:13)
  An orc (D:11)
19 creatures vanquished.

Vanquished Creatures (others)
  A centaur (D:11)
  A worker ant (D:10)
  2 fungi (Lair:1)
  11 plants
15 creatures vanquished.

Grand Total: 481 creatures vanquished

Notes
Turn   | Place    | Note
-------+----------+-------------------------------------------
     0 | D:1      | Napalmbreeze the Halfling Hunter began the quest for the
                  | Orb.
     0 | D:1      | Reached XP level 1. HP: 14/14 MP: 1/1
    15 | D:1      | Reached skill level 6 in Slings
    52 | D:1      | Reached XP level 2. HP: 19/19 MP: 2/2
   192 | D:1      | Reached XP level 3. HP: 25/25 MP: 3/3
   873 | D:2      | Reached XP level 4. HP: 30/30 MP: 4/4
   950 | D:2      | Reached skill level 7 in Slings
  1051 | D:2      | Noticed Robin
  1060 | D:2      | Killed Robin
  1289 | D:2      | Reached XP level 5. HP: 36/36 MP: 5/5
  1626 | D:3      | Reached skill level 8 in Slings
  2001 | D:3      | Reached XP level 6. HP: 42/42 MP: 6/6
  2144 | D:3      | Found a glowing golden altar of the Shining One.
  2663 | D:3      | Found a basalt altar of Yredelemnul.
  3337 | D:4      | Found a shimmering altar of Xom.
  3557 | D:4      | Reached skill level 9 in Slings
  4080 | D:4      | Reached XP level 7. HP: 42/48 MP: 7/7
  4387 | D:5      | Entered Level 5 of the Dungeon
  4400 | D:5      | Noticed Menkaure
  4408 | D:5      | Killed Menkaure
  4408 | D:5      | Reached skill level 10 in Slings
  4566 | D:5      | Reached skill level 5 in Fighting
  4666 | D:5      | Reached XP level 8. HP: 55/55 MP: 8/8
  4785 | D:5      | Reached skill level 1 in Armour
  4846 | D:5      | Noticed Grinder
  4861 | D:5      | Killed Grinder
  5800 | D:5      | Reached skill level 11 in Slings
  6757 | D:6      | Reached XP level 9. HP: 42/61 MP: 9/9
  7133 | D:6      | Reached skill level 5 in Dodging
  7175 | D:6      | Found a white marble altar of Elyvilon.
  7232 | D:6      | Identified the cursed +1 dagger of Expedience {protect,
                  | rElec}
  7233 | D:6      | Reached skill level 5 in Armour
  7556 | D:6      | Reached skill level 12 in Slings
  7769 | D:7      | Found a staircase to the Ecumenical Temple.
  7965 | Temple   | Entered the Ecumenical Temple
  8107 | Temple   | Became a worshipper of Makhleb the Destroyer
  8622 | D:7      | Noticed a gargoyle
  8635 | D:7      | Killed a gargoyle
  8635 | D:7      | Reached skill level 1 in Invocations
  9031 | D:8      | Noticed a cyclops
  9172 | D:8      | Reached * piety under Makhleb
  9243 | D:8      | Reached XP level 10. HP: 68/68 MP: 12/12
  9324 | D:8      | Noticed a two-headed ogre
  9370 | D:8      | Killed a two-headed ogre
  9370 | D:8      | Reached skill level 5 in Invocations
  9573 | D:8      | Found a blossoming altar of Fedhas.
  9574 | D:8      | Found a glowing silver altar of Zin.
  9577 | D:8      | Found an ornate altar of the Wu Jian Council.
  9578 | D:8      | Found an iron altar of Okawaru.
  9798 | D:8      | Killed a cyclops
 10245 | D:9      | Found a transporter.
 10250 | D:9      | Found a transporter.
 10439 | D:9      | Reached ** piety under Makhleb
 10871 | D:9      | Found a radiant altar of Vehumet.
 11089 | D:10     | Entered Level 10 of the Dungeon
 11448 | D:10     | Found a staircase to the Lair.
 11555 | D:10     | Found a shadowy altar of Dithmenos.
 11695 | D:10     | Reached XP level 11. HP: 77/77 MP: 14/14
 11723 | D:10     | Reached skill level 13 in Slings
 12630 | D:10     | Got a shimmering chain mail
 12641 | D:10     | Identified the +3 chain mail of the Present {Int-5 Dex+5}
                  | (You found it on level 10 of the Dungeon)
 12872 | D:11     | Noticed a manticore
 12887 | D:11     | Killed a manticore
 12887 | D:11     | Reached *** piety under Makhleb
 12887 | D:11     | Reached skill level 14 in Slings
 12949 | D:11     | Noticed Sonja
 12969 | D:11     | Noticed a brown ugly thing
 13189 | D:10     | Killed an unseen horror
 13307 | D:11     | Killed Sonja
 13462 | D:11     | Found a staircase to the Orcish Mines.
 13499 | D:11     | Noticed a boulder beetle
 13614 | D:11     | Killed a brown ugly thing
 13715 | D:11     | Killed a boulder beetle
 13803 | D:11     | Noticed a two-headed ogre
 13803 | D:11     | Noticed a centaur warrior
 13804 | D:11     | Identified the +8 whip "Testudineslayer" {holy, MP+9}
 13804 | D:11     | Noticed an ogre mage
 13805 | D:11     | Noticed an orc knight
 13837 | D:10     | Killed a two-headed ogre
 13939 | D:11     | Killed an orc knight
 13939 | D:11     | Reached XP level 12. HP: 52/86 MP: 17/17
 14161 | D:10     | Killed a centaur warrior
 14520 | D:11     | Killed an unseen horror
 14520 | D:11     | Reached skill level 10 in Fighting
 14746 | D:11     | Found a roughly hewn altar of Beogh.
 14781 | D:11     | Reached skill level 15 in Slings
 14972 | D:11     | Killed an ogre mage
 15116 | D:11     | Reached skill level 16 in Slings
 15547 | D:11     | Killed an unseen horror
 15766 | D:11     | Got a crude pewter amulet
 15771 | D:11     | Got a bloodstained plate armour
 15802 | D:11     | Identified the amulet "Fapey" {Inacc Dex+3} (You found it
                  | on level 11 of the Dungeon)
 15823 | D:11     | Identified the +8 plate armour of Sharp New Discoveries
                  | {Int+4} (You found it on level 11 of the Dungeon)
 16585 | D:12     | Found Puasomos's Gadget Boutique.
 16751 | D:12     | Reached **** piety under Makhleb
 16926 | D:12     | Reached skill level 17 in Slings
 17037 | D:12     | Reached XP level 13. HP: 92/92 MP: 18/18
 17259 | D:13     | Noticed a centaur warrior
 17358 | D:13     | Killed a centaur warrior
 17675 | D:13     | Noticed a vault guard
 17698 | D:13     | Killed a vault guard
 17753 | D:13     | Found a portal to a secret trove of treasure.
 18015 | D:13     | Reached skill level 18 in Slings
 18062 | D:13     | Reached skill level 10 in Armour
 18394 | D:13     | Noticed a vault guard
 18472 | D:13     | Noticed a vault guard
 18501 | D:13     | Killed a vault guard
 18596 | D:13     | Killed a vault guard
 18734 | D:13     | Noticed a centaur warrior
 18889 | D:13     | Killed a centaur warrior
 19148 | D:13     | Found a gate to the Vaults.
 19148 | D:13     | Noticed a vault guard
 19149 | D:13     | Noticed a vault guard
 19212 | D:12     | Killed a vault guard
 19229 | D:13     | Killed a vault guard
 19229 | D:13     | Reached skill level 19 in Slings
 19459 | Lair:1   | Entered Level 1 of the Lair of Beasts
 19767 | Lair:1   | Reached XP level 14. HP: 101/101 MP: 19/19
 20350 | Lair:1   | Reached ***** piety under Makhleb
 20958 | Lair:2   | Found a frozen archway.
 20975 | IceCv    | Entered an ice cave
 21601 | IceCv    | Reached skill level 20 in Slings
 21815 | IceCv    | Noticed a frost giant
 21861 | IceCv    | Killed from afar by a frost giant

Illustrated notes

Levels and vault maps discovered:
D:1:      wander_arrival_lonely_grave, layout_loops_ring, serial_bayou_lagoon_a
D:2:      layout_rooms, uniq_robin
D:3:      layout_rooms, marbit_many_paths, tso_altar
D:4:      minmay_polygon_palace, layout_basic, xom_butterflies,
          kennysheep_generic_room_15
D:5:      layout_loops_ring, uniq_grinder, uniq_menkaure
D:6:      layout_loops_corners, elyvilon_altar_3, serial_bayou,
          serial_bayou_ford_a, serial_bayou_shore_b, serial_bayou_pond_d,
          serial_bayou_shore_b
D:7:      layout_loops_ring, minmay_temple_entry_glass
D:8:      layout_basic, minitemple
D:9:      gammafunk_steamed_eel, layout_cave_pools, vehumet_crystals,
          serial_column_ruins, column_ruins_hut, column_ruins_open_medium,
          column_ruins_corridor_straight, column_ruins_corridor_corner,
          column_ruins_open_small, column_ruins_grid_1, column_ruins_grid_1,
          column_ruins_open_tiny_water
D:10:     layout_grid_maze, lair_entry_dummy, nicolae_dithmenos_the_darkroom
D:11:     minmay_the_grid_triangle_9x9_recursive_2_mashed
          [minmay_the_grid_triangle_9x9_prize_center,
          minmay_the_grid_triangle_9x9_zippers_vertical,
          minmay_the_grid_triangle_9x9_empty,
          minmay_the_grid_triangle_9x9_odd_lines], layout_rooms,
          minmay_orc_entry_temple_large, kb_rosetta, uniq_sonja
D:12:     layout_basic, serial_shops, shop, kennysheep_generic_room_14
D:13:     layout_stronghold, grunt_vaults_entry_fortified,
          nicolae_trove_entry_crystal
Temple:   cyrus_circular_temple
Lair:1:   layout_regular_city
Lair:2:   layout_roguey, minmay_swamp_entry_worms,
          minmay_snake_entry_guardpost_medium, special_room [special_room_bee],
          portal_ice_cave_rime
IceCv:    ice_cave_small_giant

Skill      XL: |  1  2  3  4  5  6  7  8  9 10 11 12 13 14 |
---------------+-------------------------------------------+-----
Fighting       | 2 3 4 5 6 8 9 10 11 12 | 12.0
Slings         | 6 7 8 9 10 11 12 14 17 19 20 | 20.1
Dodging        | 3 4 6 7 8 |  8.0
Armour         | 4 6 7 8 10 | 10.0
Invocations    | 3 5 7 |  7.8
Short Blades   | |  0.8
Stealth        | |  1.1

Action                   |  1- 3 |  4- 6 |  7- 9 | 10-12 | 13-15 || total
-------------------------+-------+-------+-------+-------+-------++-------
Melee: Dagger            |       |       |       |     6 |       ||     6
       Hunting sling     |       |       |       |     2 |       ||     2
 Fire: Hunting sling     |    82 |   267 |   481 |   938 |   867 ||  2635
Invok: Minor Destruction |       |       |       |    14 |     2 ||    16
       Lesser Servant of |       |       |       |     8 |     9 ||    17
       Major Destruction |       |       |       |       |     2 ||     2
Evoke: Wand              |       |       |       |     4 |       ||     4
       Tin of tremorston |       |       |       |     1 |     2 ||     3
       Lightning rod     |       |       |       |       |     2 ||     2
  Use: Scroll            |       |     5 |     7 |    11 |     7 ||    30
       Potion            |       |       |     1 |     9 |       ||    10
Armor: Leather armour    |     5 |    13 |    30 |     2 |       ||    50
       Chain mail        |       |       |       |   174 |       ||   174
       Plate armour      |       |       |       |    23 |   147 ||   170
       Ice dragon scales |       |       |       |       |    55 ||    55
Dodge: Dodged            |    21 |    37 |   128 |   180 |   173 ||   539

Table legend: (Time is in decaauts)
 A = Elapsed time spent in this place.
 B = Non-inter-level travel time spent in this place.
 C = Inter-level travel time spent in this place.
 D = Time resting spent in this place.
 E = Time spent auto-exploring this place.
 F = Levels seen in this place.
 G = Mean time per level.
                   A        B        C        D        E       F      G
               +--------+--------+--------+--------+--------+-----+--------+
         Total |  20963 |  19714 |   1249 |   3882 |   8702 |  17 | 1233.1 |
       Dungeon |  18879 |  17679 |   1200 |   3509 |   7811 |  13 | 1452.2 |
        Temple |    151 |    135 |     16 |      0 |    133 |   1 |  151.0 |
          Lair |   1126 |   1093 |     33 |     42 |    647 |   2 |  563.0 |
      Ice Cave |    805 |    805 |      0 |    330 |    111 |   1 |  805.0 |
               +--------+--------+--------+--------+--------+-----+--------+

Top non-repeatable levels by time:
    D:10: 2922 daAuts
     D:6: 2093 daAuts
    D:11: 2008 daAuts
    D:13: 1876 daAuts
     D:4: 1686 daAuts
     D:5: 1436 daAuts
     D:3: 1219 daAuts
     D:8: 1179 daAuts
    D:12: 1099 daAuts
     D:9: 1041 daAuts
  Lair:1: 1001 daAuts
     D:7: 835 daAuts
     D:1: 816 daAuts
   IceCv: 805 daAuts
     D:2: 662 daAuts
